 Dungeon Crawl Stone Soup version 0.13-a0-2382-gbc6a47d (webtiles) character file.

430 Juliette the Chiller (level 6, -3/41 HPs)
             Began as a Merfolk Ice Elementalist on July 14, 2013.
             Slain by a wyvern skeleton (4 damage)
             ... on Level 4 of the Dungeon.
             The game lasted 00:22:17 (3518 turns).

Juliette the Chiller (Merfolk Ice Elementalist)     Turns: 3518, Time: 00:22:17

HP  -3/41        AC  5     Str 10      XL: 6   Next:  7%
MP   9/14        EV  9     Int 15      God:
Gold 191         SH  0     Dex 14      Spells:  1 memorised, 12 levels left

Res.Fire  : . . .   See Invis. : .   n - +1,+3 orc short sword
Res.Cold  : . . .   Warding    : .   r - +0 orc ring mail
Life Prot.: . . .   Conserve   : .   (no shield)
Res.Poison: .       Res.Corr.  : .   (no helmet)
Res.Elec. : .       Clarity    : .   (no cloak)
Sust.Abil.: . .     Spirit.Shd : .   (no gloves)
Res.Mut.  : .       Stasis     : .   (no boots)
Res.Rott. : .       Flight     : .   (no amulet)
Saprovore : . . .                    (no ring)
                                     m - ring of wizardry

@: slightly resistant to hostile enchantments, unstealthy
A: change form in water, swift swim
a: no special abilities


You were on level 4 of the Dungeon.
You were not hungry.

You visited 1 branch of the dungeon, and saw 4 of its levels.

You collected 171 gold pieces.

Inventory:

Hand weapons
 n - a +1,+3 orcish short sword (weapon)
Armour
 r - a +0 orcish ring mail (worn)
 s - a +0 shield
Magical devices
 a - a wand of teleportation (2)
Comestibles
 c - 3 bread rations
 l - an apple
 o - 11 grapes
 v - an orange
Scrolls
 e - 2 scrolls of random uselessness {unknown}
 f - 2 scrolls of remove curse
 g - 8 scrolls of identify {unknown}
 j - a scroll of magic mapping {unknown}
 k - 2 scrolls of recharging {unknown}
 q - 2 scrolls of blinking {unknown}
 u - a scroll of teleportation {unknown}
 w - a scroll of enchant weapon II {unknown}
Jewellery
 m - a ring of wizardry (left hand)
Potions
 d - 3 potions of heal wounds {unknown}
 h - a potion of mutation {unknown}
 i - a potion of invisibility {unknown}
 p - 2 potions of curing {unknown}
 x - a potion of berserk rage {unknown}
Books
 b - a book of Frost

   Spells                             Type                      Level
   *Freeze                            Ice                          1
   Throw Frost                        Conjuration/Ice              2
   Ozocubu's Armour                   Charms/Ice                   3
   Throw Icicle                       Conjuration/Ice              4
   Summon Ice Beast                   Ice/Summoning                4
   Condensation Shield                Ice                          4


   Skills:
 - Level 3.0 Dodging
 - Level 2.1 Stealth
 - Level 4.0 Spellcasting
   Level 0.7 Conjurations
 * Level 5.1 Ice Magic


You had 12 spell levels left.
You knew the following spells:

 Your Spells              Type           Power        Failure   Level  Hunger
a - Freeze                Ice            ###.         1%          1    None


Dungeon Overview and Level Annotations

Branches:
Dungeon (4/27)             Temple (0/1) D:4

Altars:
Kikubaaqudgha
Sif Muna


Message History

Aiming: Freeze
Press: ? - help, Shift-Dir - straight line, f/p - wyvern skeleton
Aim: a wyvern skeleton You freeze the wyvern skeleton.
The wyvern skeleton resists.
The wyvern skeleton bites you.
You hit the wyvern skeleton. The wyvern skeleton bites you.
You hit the wyvern skeleton. The wyvern skeleton bites you.
* * * LOW HITPOINT WARNING * * *
The wyvern skeleton bites you but does no damage.
You hit the wyvern skeleton. The wyvern skeleton barely misses you.
You puncture the wyvern skeleton! The wyvern skeleton bites you.
* * * LOW HITPOINT WARNING * * *
The wyvern skeleton bites you.
* * * LOW HITPOINT WARNING * * *
You hit the wyvern skeleton. The wyvern skeleton bites you.
* * * LOW HITPOINT WARNING * * *
Your magical contamination has completely faded away.
You hit the wyvern skeleton. The wyvern skeleton barely misses you.
The wyvern skeleton bites you.
You die...

#.... #.### ##### #.#
#...# #.# #.⌠. #.#
#... #.# ## ##.######
#.#
#...#...#...#######.#
#.⌠..Z@...⌠.........#
#...#...#...#########
## ##.###### #...
...⌠. ..#...# #######


You could see a wyvern skeleton.

Vanquished Creatures
  A hound (D:4)
  An iguana (D:3)
  Ijyb (D:3)
  Terence (D:2)
  9 adders
  A giant mite (D:2)
  A worm (D:2)
  2 giant geckos
  An ooze (D:1)
  2 orcs
  8 bats
  2 giant cockroaches (D:3)
  6 goblins
  4 hobgoblins
  3 jackals (D:1)
  6 kobolds
  3 quokkas
  A ball python (D:2)
  4 giant newts
  8 rats
65 creatures vanquished.

Notes
Turn   | Place    | Note
--------------------------------------------------------------
     0 | D:1      | Juliette, the Merfolk Ice Elementalist, began the quest for the Orb.
     0 | D:1      | Reached XP level 1. HP: 13/13 MP: 3/3
   351 | D:1      | Reached XP level 2. HP: 14/19 MP: 1/4
   965 | D:1      | Reached skill level 4 in Ice Magic
  1205 | D:2      | Noticed Terence
  1254 | D:2      | Reached XP level 3. HP: 15/24 MP: 3/6
  1754 | D:2      | Reached XP level 4. HP: 25/30 MP: 3/8
  1840 | D:2      | Found a deep blue altar of Sif Muna.
  1858 | D:2      | Killed Terence
  2503 | D:3      | Reached XP level 5. HP: 33/35 MP: 7/11
  2720 | D:3      | Noticed Ijyb
  2798 | D:3      | Found an ancient bone altar of Kikubaaqudgha.
  2951 | D:3      | Killed Ijyb
  3389 | D:4      | Reached skill level 5 in Ice Magic
  3389 | D:4      | Reached XP level 6. HP: 36/41 MP: 10/14
  3497 | D:4      | Found a staircase to the Ecumenical Temple.
  3516 | D:4      | HP: 2/41 [wyvern skeleton (5)]
  3518 | D:4      | Slain by a wyvern skeleton

Action                   |  1- 3 |  4- 6 || total
-------------------------+-------+-------++-------
Melee: Unarmed           |    12 |       ||    12
       Dagger            |    10 |       ||    10
       Short sword       |    17 |    49 ||    66
 Cast: Freeze            |    36 |    78 ||   114
  Use: Scroll            |     1 |     1 ||     2
 Stab: Sleeping          |     1 |       ||     1
